 Dungeon Crawl Stone Soup version 0.23.2-1-ga50397a (webtiles) character file.

Game seed: 8617700759115101876

9001 Kaosu the Cleaver (level 11, -7/141 HPs)
             Began as a Centaur Fighter on Apr 15, 2019.
             Was a Believer of Sif Muna.
             Mangled by a manticore (13 damage)
             ... on level 9 of the Dungeon.
             The game lasted 01:54:31 (9019 turns).

Kaosu the Cleaver (Centaur Fighter)                 Turns: 9019, Time: 01:54:32

Health: -7/141     AC: 25    Str: 20    XL:     11   Next: 17%
Magic:  15/15      EV:  1    Int:  9    God:    Sif Muna [**....]
Gold:   501        SH: 12    Dex:  9    Spells: 13/16 levels left

rFire    . . .     SeeInvis .   R - +2 hand axe (vamp)
rCold    + . .     Gourm    .   l - +0 buckler
rNeg     + + +     Faith    .   (armour currently unavailable)
rPois    +         Spirit   .   (helmet currently unavailable)
rElec    .         Reflect  +   (cloak currently unavailable)
rCorr    +         Harm     .   (gloves currently unavailable)
MR       .....     NoTele   +   (no barding)
Stlth    +.........             t - brooch of Shielding {Reflect SH+8}
HPRegen  0.33/turn              o - ring of protection from cold
MPRegen  0.14/turn              k - ring of resist corrosion

@: tree-form
A: large
a: Divine Energy, Renounce Religion


You were on level 9 of the Dungeon.
You worshipped Sif Muna.
Sif Muna was pleased with you.
You were not hungry.
You were a tree.
You visited 1 branch of the dungeon, and saw 9 of its levels.

You collected 501 gold pieces.

Inventory:

Hand Weapons
 a - a +0 war axe
 e - a +0 dagger of protection
 C - a +4 antimagic spear
 D - a +2 falchion of freezing
 N - a +4 short sword
 P - a +2 flail of venom
 Q - a +2 hand axe of distortion
 R - a +2 vampiric hand axe (weapon)
Missiles
 j - 334 stones (quivered)
 u - 108 arrows
 S - 4 tomahawks
 W - 6 javelins
Armour
 b - a +0 scale mail
 c - a +0 shield
 d - the +1 ring mail of the Valley {+Inv Dex+3 SInv}
   (You found it on level 8 of the Dungeon)

   It affects your dexterity (+3).
   It lets you see invisible.
   It lets you turn invisible.
 l - a +0 buckler (worn)
 y - a +2 helmet of see invisible (melded)
 E - a +2 leather armour of magic resistance (melded)
 K - a +0 pair of gloves (melded)
Jewellery
 h - an uncursed ring of fire
 k - a ring of resist corrosion (right branch)
 o - a ring of protection from cold (left branch)
 r - a +2 amulet of reflection
 s - an uncursed ring of ice
 t - the brooch of Shielding (around neck) {Reflect SH+8}
   (You found it on level 4 of the Dungeon)

   [amulet of reflection]

   It shields you and reflects attacks.
   It affects your SH (+8).
 w - an uncursed amulet of faith
 X - an uncursed ring of ice
Wands
 G - a wand of flame (5)
 O - a wand of polymorph (4)
Scrolls
 g - a scroll of enchant armour {unknown}
 i - a scroll of random uselessness {unknown}
 m - 6 scrolls of remove curse
 v - 2 scrolls of magic mapping {unknown}
 x - a scroll of fog {unknown}
 z - 3 scrolls of fear
 F - 2 scrolls of teleportation
 I - a scroll of identify
 L - a scroll of enchant weapon {unknown}
 T - a scroll of amnesia {unknown}
 U - a scroll of noise {unknown}
 V - a scroll of holy word {unknown}
Potions
 n - a potion of lignification
 p - 2 potions of magic
 q - a potion of invisibility {unknown}
 A - 2 potions of mutation {unknown}
 B - a potion of flight {unknown}
 H - 3 potions of haste
 J - a potion of might
 M - 2 potions of berserk rage {unknown}
Comestibles
 f - 17 rations
 Y - 4 chunks of flesh


   Skills:
 + Level 8.2 Fighting
 * Level 10.0 Axes
 + Level 6.2 Armour
 - Level 4.0 Shields
 - Level 3.0 Spellcasting
 + Level 4.5 Conjurations
 - Level 3.0 Evocations


You had 13 spell levels left.
You knew the following spells:

 Your Spells              Type           Power        Failure   Level  Hunger
a - Stone Arrow           Conj/Erth      #.....       34%         3    ####...

Your spell library contained the following spells:

 Spells                   Type           Power        Failure   Level  Hunger
 Animate Skeleton         Necr           N/A          30%         1    ##.....
 Pain                     Necr           #...         30%         1    ##.....
 Sandblast                Erth           #.....       30%         1    ##.....
 Passwall                 Tmut/Erth      #.......     41%         2    ###....
 Regeneration             Chrm/Necr      #.........   65%         3    ####...
 Vampiric Draining        Necr           #.........   65%         3    ####...
 Animate Dead             Necr           N/A          96%         4    #####..
 Petrify                  Tmut/Erth      #.......     96%         4    #####..
 Lee's Rapid Deconstruct  Erth           #.........   100%        5    ######.


Dungeon Overview and Level Annotations

Branches:
Dungeon (9/15)             Temple (0/1) D:6
   Lair: D:8-11         Orc: D:9-12

Altars:
Fedhas
Gozag
Kikubaaqudgha
Okawaru
Qazlal
Sif Muna
Trog
Uskayaw


Innate Abilities, Weirdness & Mutations

((You have hooves in place of feet.))
((Armour fits poorly on your strangely shaped body.))
((You cover ground very quickly.))
((You have extremely tough skin. (AC +3)))


Message History

* * * LOW HITPOINT WARNING * * *
You hit the centaur warrior but do no damage.
The centaur warrior is severely wounded.
You hit the manticore.
You feel better. You block the centaur warrior's attack.
You block the manticore's attack.
The manticore claws you but does no damage. x2
The centaur warrior hits you but does no damage.
You hit the centaur warrior.
The centaur warrior is almost dead.
You hit the manticore but do no damage.
You carefully extract the barbed spikes from your body.
The manticore completely misses you.
The manticore claws you but does no damage.
You block the manticore's attack. You block the centaur warrior's attack.
You completely miss the centaur warrior.
The centaur warrior is almost dead.
You hit the manticore.
The centaur warrior hits you but does no damage.
The manticore bites you!
You die...

#...###.#.#.#z#.#...........####
#....##.#.#.#.#Q##..........#...
##....##..#.#)#.#.#..........#...
.÷.....#..#(#$#:#.##.........'...
.......##....(....(#.........#)..
........#.....h....##...[....#...
........##.5.##...#.#........'...
.........#..##..H...##....)..#...
.........##.(#(c♣#.#.#.......#.^.
..........#......(...##......#...
..........##....#.#.#.#......#)..
..#######..#.....[....##.....#...
.. #..##..#.#.#.#.#.....#... ..
#...#..........#.#####...
#...###########..'.......
#................#.......
#....#####.......#'######


You could see a centaur warrior, a manticore and a black bear.

Vanquished Creatures
  6 two-headed ogres
  Pikel (D:6)
  A troll (D:9)
  A hippogriff (D:9)
  Eustachio (D:5)
  Edmund (D:6)
  3 orc warriors
  An ice beast (D:3)
  3 phantoms
  A sky beast (D:9)
  A black bear (D:8)
  9 ogres
  A boggart (D:9)
  2 centaurs
  Blork the orc (D:6)
  A gnoll sergeant (D:7)
  7 bullfrogs
  6 scorpions
  A water moccasin skeleton (D:8)
  6 crimson imps
  A centaur zombie (D:8)
  2 bullfrog zombies (D:8)
  2 jellies
  3 hounds
  10 orc wizards
  4 orc priests
  4 iguanas
  6 worker ants
  A hound skeleton (D:9)
  A mummy (D:7)
  Robin (D:3)
  A worker ant zombie (D:9)
  7 adders
  3 gnolls (D:7)
  3 shadow imps
  An adder skeleton (D:4)
  A worm (D:4)
  3 dart slugs
  4 leopard geckos
  19 orcs
  4 giant cockroaches
  13 goblins
  5 hobgoblins
  6 jackals
  4 kobolds (D:1)
  5 quokkas
  6 bats
  6 frilled lizards
  2 hobgoblin zombies (D:7)
  2 jackal skeletons
  A jackal zombie (D:8)
  2 kobold zombies (D:7)
  14 rats
201 creatures vanquished.

Vanquished Creatures (others)
  A centaur (D:8)
  A giant cockroach (D:6)
  2 jackals (D:6)
4 creatures vanquished.

Grand Total: 205 creatures vanquished

Notes
Turn   | Place    | Note
-------+----------+-------------------------------------------
     0 | D:1      | Kaosu the Centaur Fighter began the quest for the Orb.
     0 | D:1      | Reached XP level 1. HP: 19/19 MP: 1/1
    45 | D:1      | Reached skill level 2 in Axes
    45 | D:1      | Reached XP level 2. HP: 14/26 MP: 2/2
   585 | D:1      | Reached XP level 3. HP: 24/31 MP: 3/3
  1026 | D:2      | Found a blossoming altar of Fedhas.
  1096 | D:2      | Found a stormy altar of Qazlal.
  1431 | D:3      | Noticed Robin
  1454 | D:3      | Killed Robin
  1454 | D:3      | Reached XP level 4. HP: 30/38 MP: 4/4
  1528 | D:3      | Noticed an ice beast
  1537 | D:3      | Killed an ice beast
  1537 | D:3      | Reached skill level 3 in Axes
  1537 | D:3      | Reached XP level 5. HP: 6/46 MP: 5/5
  2400 | D:4      | Found the brooch of Shielding {Reflect SH+8}
  2586 | D:4      | Noticed an ogre
  2601 | D:4      | Killed an ogre
  2601 | D:4      | Reached XP level 6. HP: 52/52 MP: 6/6
  2745 | D:4      | Reached skill level 4 in Axes
  2861 | D:4      | Found an opulent altar of Gozag.
  3442 | D:5      | Entered Level 5 of the Dungeon
  3468 | D:5      | Noticed Eustachio
  3511 | D:5      | Killed Eustachio
  3511 | D:5      | Reached XP level 7. HP: 46/60 MP: 7/7
  3929 | D:5      | Found a deep blue altar of Sif Muna.
  3935 | D:5      | Became a worshipper of Sif Muna the Loreminder
  4074 | D:5      | Reached skill level 5 in Axes
  4445 | D:6      | Noticed Pikel
  4454 | D:6      | Killed Pikel
  4454 | D:6      | Reached skill level 5 in Fighting
  4454 | D:6      | Reached skill level 1 in Spellcasting
  4454 | D:6      | Reached XP level 8. HP: 64/68 MP: 8/10
  4503 | D:6      | Found a staircase to the Ecumenical Temple.
  4508 | D:6      | Reached skill level 6 in Axes
  4554 | D:6      | Noticed Edmund
  4574 | D:6      | Killed Edmund
  4870 | D:6      | Noticed Blork the orc
  4878 | D:6      | Killed Blork the orc
  4911 | D:6      | Found an iron altar of Okawaru.
  5032 | D:6      | Reached XP level 9. HP: 45/75 MP: 12/12
  5054 | D:6      | Reached * piety under Sif Muna
  5114 | D:6      | Reached skill level 7 in Axes
  5387 | D:7      | Reached skill level 1 in Evocations
  5619 | D:7      | Learned a level 3 spell: Stone Arrow
  5676 | D:7      | Found a bloodstained altar of Trog.
  5676 | D:7      | Found an ancient bone altar of Kikubaaqudgha.
  5817 | D:7      | Reached skill level 1 in Conjurations
  6093 | D:8      | Got a steaming ring mail
  6136 | D:8      | Reached skill level 5 in Armour
  6411 | D:8      | Found a hide-covered altar of Uskayaw.
  6469 | D:8      | Reached skill level 8 in Axes
  6743 | D:8      | Noticed a two-headed ogre
  6756 | D:8      | Killed a two-headed ogre
  6756 | D:8      | Reached XP level 10. HP: 31/84 MP: 14/14
  7242 | D:8      | Noticed a two-headed ogre
  7264 | D:8      | Killed a two-headed ogre
  7520 | D:8      | Identified the cursed +1 ring mail of the Valley {+Inv
                  | Dex+3 SInv} (You found it on level 8 of the Dungeon)
  7562 | D:9      | Reached ** piety under Sif Muna
  7566 | D:9      | Noticed a two-headed ogre
  7590 | D:9      | Killed a two-headed ogre
  7590 | D:9      | Reached skill level 9 in Axes
  7744 | D:9      | Noticed a two-headed ogre
  7757 | D:9      | Killed a two-headed ogre
  8139 | D:9      | Noticed a two-headed ogre
  8452 | D:8      | Killed a two-headed ogre
  8452 | D:8      | Reached XP level 11. HP: 86/94 MP: 15/15
  8506 | D:9      | Noticed a two-headed ogre
  8509 | D:9      | Noticed a centaur warrior
  8509 | D:9      | Noticed a tengu warrior
  8527 | D:9      | Killed a two-headed ogre
  8527 | D:9      | Reached skill level 10 in Axes
  9015 | D:9      | HP: 3/141 [manticore (6)]
  9019 | D:9      | Mangled by a manticore

Skill      XL: |  1  2  3  4  5  6  7  8  9 10 11 |
---------------+----------------------------------+-----
Axes           | 2 3 4 5 6 8 9 10 | 10.0
Fighting       | 4 5 6 8 |  8.2
Armour         | 3 4 5 6 |  6.2
Shields        | 3 4 |  4.0
Spellcasting   | 1 2 3 |  3.0
Evocations     | 2 3 |  3.0
Conjurations   | 2 4 |  4.5

Action                   |  1- 3 |  4- 6 |  7- 9 | 10-12 || total
-------------------------+-------+-------+-------+-------++-------
Melee: War axe           |    94 |   128 |   258 |       ||   480
       Kick              |    13 |    20 |    84 |    59 ||   176
       Hand axe          |       |       |   113 |   206 ||   319
Throw: Stone             |       |       |     7 |       ||     7
Evoke: Wand              |       |       |     7 |     7 ||    14
  Use: Scroll            |     1 |     2 |     2 |     3 ||     8
       Potion            |     1 |       |     5 |     4 ||    10
  Eat: Chunk             |     1 |     5 |     7 |     6 ||    19
       Ration            |       |       |     2 |       ||     2
Armor: Scale mail        |    35 |    48 |       |       ||    83
       Leather armour    |       |       |    66 |    42 ||   108
       Skin              |       |       |    47 |    36 ||    83
Dodge: Dodged            |    30 |    27 |    71 |    51 ||   179
Block: Shield            |    52 |    13 |       |       ||    65
       Buckler           |       |    66 |   182 |   126 ||   374
       Reflection        |       |       |     1 |     4 ||     5
